 Dungeon Crawl Stone Soup version 0.25-a0-578-gc91f01c39c (webtiles) character file.

Game seed: 2696632623008625947, levelgen mode: deterministic

6 Esekla the Charlatan (level 1, 0/9 HPs)
             Began as a Spriggan Artificer on Mar 6, 2020.
             Slain by a frilled lizard (1 damage)
             ... on level 1 of the Dungeon.
             The game lasted 00:02:06 (163 turns).

Esekla the Charlatan (Spriggan Artificer)            Turns: 163, Time: 00:02:07

Health: 0/9        AC:  2    Str:  8    XL:     1   Next: 75%
Magic:  4/4        EV: 18    Int: 12    God:
Gold:   13         SH:  0    Dex: 16    Spells: 0/0 levels left

rFire    . . .     SeeInvis +   a - +0 short sword
rCold    . . .     Gourm    .   (shield restricted)
rNeg     . . .     Faith    .   b - +0 robe
rPois    .         Spirit   .   (helmet restricted)
rElec    .         Reflect  .   (no cloak)
rCorr    .         Harm     .   (gloves unavailable)
MR       .....                  (boots unavailable)
Stlth    ++........             (no amulet)
HPRegen  0.03/turn              (no ring)
MPRegen  0.09/turn              (no ring)

@: very quick
A: very small, unfitting armour, see invisible, herbivore, speed 3, slow
metabolism 2
a: no special abilities


You were on level 1 of the Dungeon.
You were not hungry.

You visited 1 branch of the dungeon, and saw 1 of its levels.

You collected 13 gold pieces.

Inventory:

Hand Weapons
 a - a +0 short sword (weapon)
Armour
 b - a +0 robe (worn)
 h - a +3 leather armour
Wands
 c - a wand of flame (15)
 d - a wand of enslavement (15)
 e - a wand of random effects (15)
Scrolls
 i - a scroll of magic mapping {unknown}
Potions
 g - a potion of heal wounds {unknown}
Comestibles
 f - 3 rations


   Skills:
 - Level 0.7 Fighting
 * Level 1.5 Short Blades
 + Level 3.3 Dodging
 + Level 1.5 Stealth
 + Level 4.1 Evocations


You couldn't memorise any spells.
You didn't know any spells.
Your spell library was empty.

Dungeon Overview and Level Annotations

Branches:
Dungeon (1/15)

Altars:


Innate Abilities, Weirdness & Mutations

You are very small and have problems with some larger weapons.
You are too small for most types of armour.
You have supernaturally acute eyesight. (SInv)
You are a herbivore.
You cover ground extremely quickly.
You need to consume almost no food.


Message History

You hit the jackal.
You kill the jackal!
The jackal closely misses you.
You barely miss the jackal. The jackal completely misses you.
You hit the jackal.
The jackal is heavily wounded.
The jackal barely misses you.
The rat twitches its whiskers.
You hit the jackal but do no damage.
The jackal is heavily wounded.
The jackal misses you. x2
You closely miss the jackal.
The jackal is heavily wounded.
The jackal bites you but does no damage.
You hit the jackal.
You kill the jackal!
You hit the rat.
You kill the rat!
You barely miss the frilled lizard. The frilled lizard bites you.
You die...

.r.### ... ...#.. ##. ....
...#.# ...###### #..
#..... ........#
#..######..... ........#
#...#..##.##.. ........#
##......##.# #
.......g####.......h..####
.......Kl@.+.......l...#.#
.......r####.....#.#...g.#
........# #....g#........
........# #.....###......
.......K# #.....# #......
.......g# #.l...# #......
.......r####.....# #......
...........g.....#........
..............####........


You could see a hobgoblin, a kobold, a frilled lizard and a rat.

Vanquished Creatures
  2 jackals (D:1)
  3 bats (D:1)
  A rat (D:1)
6 creatures vanquished.

Notes
Turn   | Place    | Note
-------+----------+-------------------------------------------
     0 | D:1      | Esekla the Spriggan Artificer began the quest for the Orb.
     0 | D:1      | Reached XP level 1. HP: 9/9 MP: 4/4
   163 | D:1      | Slain by a frilled lizard

Levels and vault maps discovered:
D:1:      sevenhm_arrival_forest_fort_small_4, layout_basic,
          hangedman_decor_growths

Action                   || total
-------------------------++-------
Melee: Short sword       ||    28
Armor: Robe              ||     9
Dodge: Dodged            ||    54

Table legend:
 A = Non-vault XP
 B = Vault XP
 C = Vault XP percentage of total XP
 D = Non-vault monster count
 E = Vault monster count
 F = Vault count percentage of total count
                 A         B        C        D         E       F
            +---------+---------+-------+---------+---------+-------
      Total |       9 |       0 |   0.0 |       6 |       0 |   0.0
            +---------+---------+-------+---------+---------+-------
        D:1 |       9 |       0 |   0.0 |       6 |       0 |   0.0
            +---------+---------+-------+---------+---------+-------
